 Dungeon Crawl Stone Soup version 0.30-a0-613-gdd512c7efb (webtiles) character file.

Game seed: 4451479117405377926

332 ragingrage the Caller (level 6, -2/41 HPs)
             Began as a Barachi Summoner on Jan 9, 2023.
             Killed by an exploding phantom (17 damage)
             ... ignited by their inner flame
             ... on level 7 of the Dungeon.
             The game lasted 00:06:32 (3649 turns).

ragingrage the Caller (Barachi Summoner)            Turns: 3649, Time: 00:06:32

Health: -2/41      AC:  5    Str:  9    XL:     6   Next: 52%
Magic:  7/10       EV: 12    Int: 18    God:
Gold:   176        SH:  0    Dex: 12    Spells: 5/11 levels left

rFire   . . .      SeeInvis .    u - +2 dagger (protect)
rCold   . . .      Faith    .    (no shield)
rNeg    . . .      Spirit   .    s - +1 animal skin
rPois   .          Reflect  .    t - +1 helmet
rElec   .          Harm     .    (no cloak)
rCorr   .          Rampage  .    (no gloves)
Will    .....                    (no boots)
Stlth   ++                       (no amulet)
HPRegen 0.26/turn                (no ring)
MPRegen 0.12/turn                (no ring)

@: about to teleport, weak-willed, unable to hop, slow
A: amphibious, slowness 1, strong legs 1, +LOS
a: Hop


You were on level 7 of the Dungeon.
You visited 1 branch of the dungeon, and saw 6 of its levels.

You collected 176 gold pieces.

Inventory:

Hand Weapons
 a - a +0 sling
 u - a +2 dagger of protection (weapon)
Missiles
 e - 32 stones
 q - 32 poisoned darts
Armour
 h - a +0 buckler
 s - a +1 animal skin (worn)
 t - a +1 helmet (worn)
Scrolls
 f - a scroll of fog
 j - a scroll of fear {unknown}
 m - a scroll of amnesia
 p - a scroll of enchant armour
Potions
 b - a potion of magic
 d - a potion of degeneration {unknown}
 k - a potion of heal wounds
 l - 2 potions of mutation
 n - a potion of resistance {unknown}
 o - 2 potions of haste
 r - a potion of brilliance
 w - a potion of flight {unknown}
 x - a potion of invisibility {unknown}


   Skills:
 - Level 2.1 Dodging
 + Level 4.0 Stealth
 + Level 3.1 Spellcasting
 + Level 7.5 Summonings


You had 5 spell levels left.
You knew the following spells:

 Your Spells              Type           Power      Damage    Failure   Level
a - Call Canine Familiar  Summ           29%        N/A       2%          3
b - Call Imp              Summ           29%        N/A       1%          2
c - Summon Small Mammal   Summ           100%       N/A       1%          1

Your spell library contained the following spells:

 Spells                   Type           Power      Damage    Failure   Level
 Summon Guardian Golem    Hex/Summ       16%        N/A       11%         3
 Sublimation of Blood     Necr           2%         N/A       24%         2
 Wereblood                Tmut           2%         N/A       24%         2
 Summon Lightning Spire   Summ/Air       16%        N/A       34%         4
 Summon Hydra             Summ           14%        N/A       99%         7


Dungeon Overview and Level Annotations

Branches:
Dungeon (7/15)
 Temple: D:4-7

Altars:

Annotations:
D:4 exclusion: 2 downstairs
D:5 Blork the orc
D:7 exclusion: door


Innate Abilities, Weirdness & Mutations

You are amphibious.
You cover ground slowly.
You can hop short distances.
You have an extended range of vision and can be seen from far away.


Message History

The phantom hits you.
The phantom blinks!
You blink.
As you read the scroll labelled XIADUA NEMUTUA, it crumbles to dust.
The creatures around you are filled with an inner flame!
It was a scroll of immolation.
The steam dragon hisses angrily.
The phantom hits you.
Hop to where?
Press: ? - help, Dir - move target, p - jelly Boing!
The steam dragon breathes steam at you. The ball of steam misses you.
As you read the scroll labelled IJAHUN POTHROSA, it crumbles to dust.
Magic quickly surges around you.
It was a scroll of vulnerability.
The scorpion is engulfed in a cloud of scalding steam.
Flame seeps out of the scorpion.
As you read the scroll labelled GIGOTI OSIO, it crumbles to dust.
It is a scroll of enchant weapon.
Your +1 dagger of protection glows red for a moment.
The scorpion is engulfed in a cloud of scalding steam.
Flame seeps out of the scorpion.
The scorpion barely misses you.
The scorpion is engulfed in a cloud of scalding steam.
Flame seeps out of the scorpion.
The scorpion stings you.
As you read the scroll labelled XINWEIH XYCUT, it crumbles to dust.
You feel strangely unstable.
It was a scroll of teleportation.
The scorpion is engulfed in a cloud of scalding steam.
Flame seeps out of the scorpion.
The scorpion barely misses you.
You feel much better.
The phantom is engulfed in a cloud of scalding steam.
Flame seeps out of the phantom.
The scorpion is engulfed in a cloud of scalding steam.
The scorpion explodes!
The fiery explosion engulfs you!!
Ouch! That really hurt!
The fiery explosion engulfs the steam dragon!!
Flame seeps out of the steam dragon.
The steam dragon is severely wounded.
The fiery explosion engulfs the phantom!!
The phantom explodes!
The fiery explosion engulfs you!
You die...

..........#
#.........#
#.........#
+....<....#
#[........#
#.........#
#...).....#
#..§.§§...#
#..@§D....#
#..§§§....#
+...§..J..###+####
#.......J........#
########+#.......#
#........#.......#
#........#J......#
#........#.......+
#........#.......#


You could see a steam dragon (inner flame) and 2 jellies.

Vanquished Creatures
  A phantom (D:7)
  A hound (D:5)
  An iguana (D:5)
  An adder (D:3)
  An endoplasm (D:2)
  5 goblins
  A jackal (D:4)
  A quokka (D:2)
  A ball python (D:2)
  2 bats (D:1)
  A rat (D:3)
16 creatures vanquished.

Vanquished Creatures (collateral kills)
  A centaur (D:5)
  An iguana (D:4)
  Robin (D:3)
  4 gnolls (D:5)
  2 adders
  4 dart slugs
  6 orcs (D:3)
  3 ball pythons
  4 bats
  7 endoplasms
  A giant cockroach (D:1)
  11 goblins
  8 hobgoblins
  4 jackals
  3 kobolds
  3 rats
63 creatures vanquished.

Vanquished Creatures (others)
  A scorpion (D:7)
1 creature vanquished.

Grand Total: 80 creatures vanquished

Notes
Turn   | Place    | Note
-------+----------+-------------------------------------------
     0 | D:1      | ragingrage the Barachi Summoner began the quest for the
                  | Orb.
     0 | D:1      | Reached XP level 1. HP: 13/13 MP: 3/3
    85 | D:1      | Reached skill level 5 in Summonings
   237 | D:1      | Reached XP level 2. HP: 17/19 MP: 1/5
   351 | D:1      | Learned a level 2 spell: Call Imp
   501 | D:1      | Found a faded altar of an unknown god.
   987 | D:2      | Reached XP level 3. HP: 24/24 MP: 2/6
   995 | D:2      | Reached skill level 6 in Summonings
  1633 | D:3      | Reached XP level 4. HP: 22/30 MP: 3/7
  1637 | D:3      | Identified the +1 robe of Hattimul {Harm *Corrode Str+9
                  | Slay-3}
  1716 | D:3      | Learned a level 3 spell: Call Canine Familiar
  1817 | D:3      | Noticed Robin
  1852 | D:3      | Killed Robin
  2405 | D:3      | Reached XP level 5. HP: 35/35 MP: 5/8
  2844 | D:4      | Reached skill level 7 in Summonings
  3301 | D:5      | Entered Level 5 of the Dungeon
  3301 | D:5      | Noticed Blork the orc
  3347 | D:5      | Noticed a black bear
  3434 | D:5      | Noticed a centaur
  3450 | D:5      | Killed a centaur
  3451 | D:5      | Reached XP level 6. HP: 28/41 MP: 5/10
  3585 | D:5      | You fall into a shaft and drop 2 floors!
  3595 | D:7      | Noticed a steam dragon
  3649 | D:7      | Killed by an exploding phantom... ignited by their inner
                  | flame

Illustrated notes

Levels and vault maps discovered:
D:1:      erik_arrival_orb_chamber, layout_loops_ring,
          hellmonk_ecumenical_altar_run_dry
D:2:      layout_rooms, grunt_ministairs_5, dk_vineyard_2, feat_on_display
D:3:      layout_rooms, uniq_robin
D:4:      layout_rooms, st_stairs_11, minmay_misc_feat_iff, serial_bayou_pond_a
D:5:      layout_cave_pools, nicolae_gozag_cash_rules_everything_around_me,
          patterned_corridor, uniq_eustachio, uniq_blork_the_orc
D:7:      layout_gridville, uniq_maggie

Skill      XL: |  1  2  3  4  5  6 |
---------------+-------------------+-----
Summonings     | 5 6 7 |  7.5
Stealth        | 2 3 4 |  4.0
Spellcasting   | 3 |  3.1
Dodging        | |  2.1

Action                   |  1- 3 |  4- 6 || total
-------------------------+-------+-------++-------
Melee: Unarmed           |     8 |       ||     8
       Dagger            |    15 |    43 ||    58
Throw: Stone             |       |     1 ||     1
 Cast: Summon Small Mamm |    25 |    12 ||    37
       Call Imp          |    10 |    14 ||    24
       Call Canine Famil |       |    15 ||    15
 Abil: Hop               |     1 |     2 ||     3
  Use: Scroll            |     2 |     9 ||    11
       Potion            |       |     2 ||     2
 Stab: Sleeping          |     5 |     1 ||     6
       Distracted        |     1 |     1 ||     2
Armor: Robe              |     5 |     1 ||     6
       Animal skin       |       |    26 ||    26
Dodge: Dodged            |    24 |    53 ||    77

Table legend: (Time is in decaauts)
 A = Elapsed time spent in this place.
 B = Non-inter-level travel time spent in this place.
 C = Inter-level travel time spent in this place.
 D = Time resting spent in this place.
 E = Time spent auto-exploring this place.
 F = Levels seen in this place.
 G = Mean time per level.
                   A        B        C        D        E       F      G
               +--------+--------+--------+--------+--------+-----+--------+
         Total |   4070 |   3895 |    175 |    319 |   2805 |   6 |  678.3 |
       Dungeon |   4070 |   3895 |    175 |    319 |   2805 |   6 |  678.3 |
               +--------+--------+--------+--------+--------+-----+--------+

Top non-repeatable levels by time:
     D:3: 1035 daAuts
     D:1: 993 daAuts
     D:2: 849 daAuts
     D:4: 847 daAuts
     D:5: 275 daAuts
     D:7: 68 daAuts
